AoeStats
← iTz Ozy2

Black Forest

509243602Analyzed
4v4 RM · 6d ago on Sep 26, 2026· 87m 58s· 8 players
Game mode
Random Map
Map size
Large (8 player)
Population
200
Speed
Normal
Resources
Standard
Victory
Conquest
Starting age
Dark Age
Ending age
Imperial Age
RankedLock teamsTeams togetherTeam positionsShared explorationLock speedFull tech treeHidden civsTurbo modeCheats
Victory
Defeat
🇦🇺 Mongols · Australia
1023
+13
🇪🇸 Britons · Spain
1002
+13
🇺🇸 Italians · United States
995
+14
🇺🇸 Malians · United States
971
+16
🇺🇸 Goths · United States
971
-15
🇺🇸 Persians · United States
971
-15
🇺🇸 Spanish · United States
921
-13
🇺🇸 Khmer · United States
918
-13
John Wayne
0:45 Loom
16:14 Feudal Age
17:31 Wheelbarrow
16:44 Double-Bit Axe
16:43 Horse Collar
16:56 Gold Mining
16:56 Stone Mining
17:11 Fishing Lines
25:07 Castle Age
23:34 Padded Archer Armor
26:44 Hand Cart
26:42 Bow Saw
26:25 Gillnets
26:39 Heavy Plow
27:16 Stone Shaft Mining
27:53 Stone Shaft Mining
27:11 Treadmill Crane
27:42 Fortified Wall
32:15 Fletching
32:41 Leather Archer Armor
38:03 Imperial Age
36:01 Crossbowman
36:47 Thumb Ring
37:04 Bodkin Arrow
37:19 Forging
37:15 Scale Barding Armor
37:22 Light Cavalry
38:13 Bloodlines
38:04 Husbandry
38:09 Arbalester
38:10 Elite Skirmisher
38:54 Bracer
39:25 Ring Archer Armor
39:31 Iron Casting
40:48 Chemistry
40:09 Ballistics
40:16 Chain Barding Armor
39:21 Hussar
40:40 Conscription
41:50 Two-Man Saw
41:26 Crop Rotation
40:42 Town Watch
41:22 Elite Genoese Crossbowman
45:41 Blast Furnace
45:25 Plate Barding Armor
46:44 Caravan
48:31 Cavalier
54:22 Pirotechnia
54:34 Silk Road
74:14 Capped Ram
74:16 Onager
75:07 Town Patrol
75:22 Masonry
77:46 Scale Mail Armor
78:02 Medium Warships
77:13 Demolition Ship
77:14 Elite Cannon Galleon
Gbetosaurus
0:37 Loom
14:09 Feudal Age
15:28 Double-Bit Axe
15:24 Horse Collar
23:40 Castle Age
21:57 Stone Mining
24:37 Arson
26:15 Fletching
27:52 Heavy Plow
29:47 Treadmill Crane
30:46 Bow Saw
35:06 Tigui
35:02 Bodkin Arrow
36:59 Wheelbarrow
37:02 Ballistics
40:08 Imperial Age
39:07 Coinage
39:47 Hand Cart
39:26 Town Watch
39:41 Gold Mining
40:27 Stone Shaft Mining
40:11 Cavalier
41:02 Bloodlines
40:52 Husbandry
40:58 Farimba
41:19 Conscription
41:52 Padded Archer Armor
42:00 Scale Barding Armor
42:06 Forging
42:30 Banking
45:49 Chemistry
48:55 Chain Barding Armor
49:10 Iron Casting
49:51 Heavy Camel Rider
50:17 Light Cavalry
51:45 Plate Barding Armor
pacomg.93
11:35 Feudal Age
12:37 Double-Bit Axe
15:10 Wheelbarrow
20:31 Horse Collar
23:23 Castle Age
25:06 Bow Saw
25:58 Fletching
26:08 Padded Archer Armor
26:13 Crossbowman
26:44 Pikeman
27:47 Heavy Plow
31:13 Ballistics
32:17 Hand Cart
36:38 Yeomen
36:16 Bodkin Arrow
36:36 Leather Archer Armor
39:24 Imperial Age
39:17 Caravan
40:04 Elite Longbowman
42:43 Warwolf
43:20 Bracer
46:11 Two-Man Saw
46:19 Chemistry
45:12 Halberdier
79:00 Ring Archer Armor
Jabba
12:21 Feudal Age
12:59 Double-Bit Axe
17:30 Gold Mining
17:23 Horse Collar
18:17 Fletching
18:34 Scale Barding Armor
18:26 Loom
21:26 Castle Age
19:21 Stone Mining
19:56 Fletching
20:12 Scale Barding Armor
22:24 Bow Saw
23:29 Chain Barding Armor
23:56 Padded Archer Armor
24:28 Bodkin Arrow
26:06 Wheelbarrow
25:57 Leather Archer Armor
27:06 Heavy Plow
28:03 Ballistics
28:13 Hand Cart
29:20 Caravan
29:54 Siphons
30:28 Thumb Ring
31:06 Gold Shaft Mining
31:11 Stone Shaft Mining
32:22 Nomads
35:11 Imperial Age
34:33 Town Watch
36:25 Drill
35:28 Heavy Cavalry Archer
36:38 Parthian Tactics
36:19 Bracer
36:26 Onager
39:30 Siege Onager
47:11 Chemistry
46:02 Guard Tower
iTzSEWERKING
0:30 Loom
11:39 Feudal Age
20:26 Castle Age
18:34 Horse Collar
18:43 Double-Bit Axe
33:45 Gold Mining
34:04 Stone Mining
34:54 Ballistics
39:24 Imperial Age
37:59 Wheelbarrow
39:25 Heavy Scorpion
40:18 Elite Skirmisher
42:18 Light Cavalry
60:07 Chemistry
65:00 Husbandry
65:11 Bloodlines
65:57 Hussar
iTz bjonny88
9:28 Loom
12:10 Feudal Age
13:32 Double-Bit Axe
13:31 Horse Collar
18:19 Castle Age
18:06 Wheelbarrow
18:53 Heavy Plow
19:07 Bow Saw
19:44 Stone Mining
30:22 Imperial Age
30:26 Scale Barding Armor
31:58 Two-Man Saw
31:53 Crop Rotation
31:56 Caravan
31:47 Fishing Lines
33:01 Conscription
33:57 Bloodlines
34:49 Hand Cart
34:20 Town Watch
35:49 Gillnets
37:51 Chemistry
37:48 Heated Shot
38:19 Ballistics
39:00 Kamandaran
39:27 Light Cavalry
40:09 Husbandry
39:42 Crossbowman
40:04 Cavalier
42:01 Coinage
41:42 Guilds
41:49 Elite War Elephant
43:06 Gold Mining
44:00 Parthian Tactics
47:04 Chain Barding Armor
46:54 Forging
46:35 Fletching
46:46 Padded Archer Armor
49:43 Masonry
51:17 Devotion
51:10 Savar
53:45 Thumb Ring
55:29 Plate Barding Armor
55:29 Iron Casting
54:50 Bodkin Arrow
55:11 Leather Archer Armor
56:29 Scale Mail Armor
58:43 Banking
61:55 Blast Furnace
61:36 Ring Archer Armor
68:16 Elite Skirmisher
iTz Ozy2
0:36 Loom
15:50 Feudal Age
16:48 Double-Bit Axe
16:58 Gold Mining
20:45 Castle Age
18:40 Horse Collar
18:54 Stone Mining
21:53 Bow Saw
24:43 Wheelbarrow
25:04 Heavy Plow
29:17 Caravan
30:47 Stone Shaft Mining
33:16 Elite Skirmisher
34:45 Thumb Ring
35:58 Hand Cart
38:26 Imperial Age
36:43 Husbandry
36:59 Scale Barding Armor
37:19 Forging
38:00 Coinage
38:08 Bloodlines
38:40 Chain Barding Armor
37:46 Light Cavalry
39:01 Cavalier
40:44 Plate Barding Armor
40:11 Padded Archer Armor
40:02 Fletching
40:47 Iron Casting
40:37 Conscription
39:43 Elite Conquistador
40:38 Squires
40:57 Town Watch
43:14 Two-Man Saw
42:35 Leather Archer Armor
43:48 Guilds
44:25 Town Patrol
44:00 Hussar
44:44 Bodkin Arrow
45:21 Ring Archer Armor
45:52 Blast Furnace
44:48 Bodkin Arrow
45:16 Ballistics
46:06 Chemistry
49:15 Paladin
66:14 Pikeman
67:42 Bracer
67:42 Scale Mail Armor
68:14 Pikeman
69:18 Halberdier
71:17 Banking
70:45 Arson
iTzSlickUNC
0:55 Loom
11:19 Feudal Age
18:09 Castle Age
22:19 Double-Bit Axe
23:22 Horse Collar
25:41 Heavy Plow
29:23 Wheelbarrow
33:39 Imperial Age
32:38 Gold Mining
32:39 Stone Mining
33:40 Elite Huskarl
35:46 Chemistry
35:55 Caravan
35:21 Pikeman
36:03 Squires
35:32 Man-at-Arms
37:00 Conscription
36:42 Anarchy
37:14 Forging
37:05 Scale Mail Armor
38:13 Stone Shaft Mining
37:54 Bow Saw
38:11 Hand Cart
38:10 Halberdier
38:13 Long Swordsman
39:43 Two-Handed Swordsman
40:29 Perfusion
40:47 Masonry
41:31 Iron Casting
41:12 Chain Mail Armor
41:39 Crop Rotation
41:45 Devotion
47:08 Champion
49:32 Blast Furnace
65:17 Padded Archer Armor
65:07 Fletching
Connection lost

Rejoining the realm…

Still unreachable

The connection could not be restored.

Session expired

The server has moved on; the page needs a fresh start.